 Dungeon Crawl Stone Soup version 0.27.1 (webtiles) character file.

Game seed: 17880800705286549731

14228 Ejeck the Basher (level 11, -1/102 HPs)
             Began as a Minotaur Berserker on Aug 25, 2021.
             Was an Elder of Trog.
             Slain by Sonja (4 damage)
             ... on level 13 of the Dungeon.
             The game lasted 00:23:10 (10948 turns).

Ejeck the Basher (Minotaur Berserker)              Turns: 10948, Time: 00:23:11

Health: -1/102     AC: 25    Str: 29    XL:     11   Next: 86%
Magic:  0/10       EV:  9    Int:  4    God:    Trog [****..]
Gold:   291        SH: 13    Dex: 20    Spells: 10/10 levels left

rFire    + . .     SeeInvis .   K - +6 war axe of Awkwardness {freeze, *Rage +Rage rPois Dex+8}
rCold    . . .     Faith    .   e - +0 kite shield
rNeg     . . .     Spirit   +   H - +3 chain mail {rF+}
rPois    +         Reflect  .   (helmet restricted)
rElec    .         Harm     .   (no cloak)
rCorr    .         Rampage  .   J - +2 pair of gloves
Will     .....     Rnd*Rage +   (no boots)
Stlth    ..........             h - amulet of guardian spirit
HPRegen  0.27/turn              j - +6 ring of strength
MPRegen  0.12/turn              u - +4 ring of protection

@: slowed, very slow
A: horns 2, retaliatory headbutt, iridescent scales 2
a: Renounce Religion, Evoke Berserk Rage, Berserk, Trog's Hand, Brothers in Arms


You were on level 13 of the Dungeon.
You worshipped Trog.
Trog was greatly pleased with you.
You visited 1 branch of the dungeon, and saw 13 of its levels.
You also visited: Sewer.

You collected 501 gold pieces.
You spent 210 gold pieces at shops.

Inventory:

Hand Weapons
 p - a +3 whip
 A - a +5 mace
 F - a +2 whip of flaming
 K - the +6 war axe of Awkwardness (weapon) {freeze, *Rage +Rage rPois Dex+8}
   (You found it on level 10 of the Dungeon)

   It freezes those it strikes, dealing additional cold damage.
   It can also slow down cold-blooded creatures.
   Dex:       It affects your dexterity (+8).
   rPois:     It protects you from poison.
   +Rage:     It lets you go berserk.
   *Rage:     It may make you go berserk in combat.
Armour
 e - a +0 kite shield (worn)
 H - a +3 chain mail of fire resistance (worn)
 J - a +2 pair of gloves (worn)
Jewellery
 h - an amulet of guardian spirit (around neck)
 j - a +6 ring of strength (left hand)
 u - a +4 ring of protection (right hand)
 C - a ring of flight
Wands
 w - a wand of mindburst (15)
 x - a wand of polymorph (4)
 y - a wand of iceblast (9)
 z - a wand of acid (10)
 G - a wand of flame (37)
Scrolls
 a - 5 scrolls of teleportation
 b - a scroll of magic mapping
 f - a scroll of silence {unknown}
 l - 2 scrolls of immolation
 n - a scroll of fear
 o - a scroll of vulnerability
 q - 3 scrolls of blinking
 r - 2 scrolls of enchant armour
 v - 3 scrolls of identify
 D - 3 scrolls of fog
Potions
 c - 3 potions of haste
 g - 2 potions of flight {unknown}
 i - a potion of mutation
 k - 4 potions of curing
 m - 3 potions of might
 s - 2 potions of experience {unknown}
 t - 2 potions of attraction {unknown}
 B - a potion of ambrosia {unknown}
 E - 2 potions of magic {unknown}
 I - 2 potions of heal wounds {unknown}
Miscellaneous
 d - a tin of tremorstones (inert)


   Skills:
 - Level 11.0 Fighting
 * Level 8.1(11.1) Axes
 - Level 12.0(12.8) Maces & Flails
 - Level 8.8 Armour
 - Level 2.1 Dodging
 - Level 10.0 Shields
 - Level 5.5 Evocations


You had 10 spell levels left.
You didn't know any spells.
Your spell library was empty.

Dungeon Overview and Level Annotations

Branches:
Dungeon (14/15)            Temple (0/1) D:6            Lair (0/6) D:8
    Orc (0/2) D:9           Sewer (visited)
 Vaults: D:13-14

Altars:
Dithmenos
Fedhas
Kikubaaqudgha
Makhleb
Okawaru
Ru
Sif Muna
Trog
Xom
Beogh

Shops:
D:8 [

Annotations:
D:13 Sonja


Innate Abilities, Weirdness & Mutations

You have a pair of horns on your head.
You reflexively headbutt those who attack you in melee.
You are mostly covered in iridescent scales. (AC +4)


Message History

Something hits you. Space bends around you.
Something hits you but does no damage. Space bends around you.
You hear some strange, mumbled words.
Your two-headed ogre rages.
You see here a boulder beetle corpse.
A curare-tipped dart appears from out of thin air!
The curare-tipped dart hits your two-headed ogre.
Your two-headed ogre is poisoned.
Your two-headed ogre convulses.
Your two-headed ogre seems to slow down.
Your two-headed ogre rages.
Your two-headed ogre rages.
You swap places.
A curare-tipped dart appears from out of thin air!
The curare-tipped dart hits you.
A curare-tipped dart appears from out of thin air!
You block the curare-tipped dart.
You recover from your berserk rage.
Your two-headed ogre rages.
You hear some strange, mumbled words.
A curare-tipped dart appears from out of thin air!
The curare-tipped dart hits you.
Your two-headed ogre is no longer moving slowly.
Something hits you but does no damage. Space bends around you.
Something hits you but does no damage. Space warps horribly around you!
Something hits you but does no damage. Space bends around you.
You hear some strange, mumbled words.
Your two-headed ogre rages.
You see here a boulder beetle corpse.
Something hits you. Space bends around you.
Something hits you but does no damage. Space warps horribly around you!!
* * * LOW HITPOINT WARNING * * *
Something hits you but does no damage. Something hits you.
Space bends around you.
* * * LOW HITPOINT WARNING * * *
Something hits you.
* * * LOW HITPOINT WARNING * * *
Space bends around you.
* * * LOW HITPOINT WARNING * * *
Something hits you but does no damage. Space bends around you.
You die...

+.. #######.# .. ##..#
####. #..## ##<...######
#.## #..........#
#######'### #..........#
#.#...#...#
#.......<..#####.###.###.#
#........†O....'...#...#.#
#........@.#####.#####.#.#
...........# #.#...#.#.#
#..........# #.#.#.#.#.#
############ #...#...#.#
#.#######.# #.........#
###########


You could see a friendly two-headed ogre (summoned, berserk, poisoned).

Vanquished Creatures
  A hydra (D:11)
  A boulder beetle (D:13)
  A two-headed ogre (D:6)
  A deep elf pyromancer (D:7)
  A deep elf zephyrmancer (D:9)
  2 ugly things
  3 freezing wraiths
  A komodo dragon (D:10)
  A troll (D:9)
  Grinder (D:5)
  A shadow (D:7)
  A vampire (D:11)
  A wraith (D:7)
  3 wyverns (D:8)
  Eustachio (D:5)
  A basilisk (D:8)
  7 yaks
  Grum (D:8)
  A steam dragon (D:8)
  5 water moccasins
  Purgy (Sewer)
  7 orc warriors (D:9)
  2 ice beasts (D:7)
  A sky beast (D:5)
  3 ogres
  A black bear (D:6)
  4 necrophages
  3 wolves (D:8)
  2 phantoms
  4 centaurs
  3 kobold brigands
  2 bullfrogs (D:7)
  3 gnoll sergeants
  A scorpion (D:4)
  A water moccasin skeleton (D:3)
  17 killer bees
  4 wights (D:9)
  A howler monkey (D:7)
  2 bullfrog zombies
  6 centaur zombies
  A centaur skeleton (D:7)
  9 orc priests
  2 jellies
  A bullfrog skeleton (D:6)
  3 iguanas
  4 orc wizards
  A killer bee zombie (D:8)
  2 howler monkey zombies
  A howler monkey skeleton (D:5)
  15 gnolls
  3 river rats (D:4)
  9 adders
  A shadow imp (D:6)
  3 white imps
  3 ufetubi
  2 worms (D:2)
  4 dart slugs
  16 orcs
  5 endoplasms
  5 giant cockroaches
  8 goblins
  7 hobgoblins
  3 quokkas
  12 ball pythons
  4 bats
  3 frilled lizards (D:1)
  10 kobolds
  12 rats
252 creatures vanquished.

Vanquished Creatures (collateral kills)
  A death knight (D:13)
  A skeletal warrior (D:13)
  A freezing wraith (D:13)
  A wraith (D:13)
  A yak (D:9)
  An acid dragon (D:9)
  3 orc warriors (D:9)
  4 orcs (D:9)
13 creatures vanquished.

Vanquished Creatures (others)
  11 plants (D:8)
11 creatures vanquished.

Grand Total: 276 creatures vanquished

Notes
Turn   | Place    | Note
-------+----------+-------------------------------------------
     0 | D:1      | Ejeck the Minotaur Berserker began the quest for the Orb.
     0 | D:1      | Reached XP level 1. HP: 19/19 MP: 0/0
   101 | D:1      | Reached skill level 4 in Maces & Flails
   192 | D:1      | Reached XP level 2. HP: 25/26 MP: 1/1
   704 | D:1      | Reached skill level 5 in Maces & Flails
   806 | D:1      | Reached XP level 3. HP: 30/31 MP: 2/2
   808 | D:1      | Reached ** piety under Trog
  1526 | D:2      | Found a faded altar of an unknown god.
  2214 | D:3      | Reached skill level 6 in Maces & Flails
  2214 | D:3      | Reached XP level 4. HP: 39/39 MP: 3/3
  2416 | D:3      | Reached XP level 5. HP: 11/45 MP: 1/4
  2750 | D:3      | Reached skill level 7 in Maces & Flails
  3319 | D:4      | Reached *** piety under Trog
  3353 | D:4      | Reached skill level 8 in Maces & Flails
  3356 | D:4      | Reached XP level 6. HP: 51/51 MP: 5/5
  3367 | D:4      | Found a glowing drain.
  3380 | Sewer    | Entered a sewer
  3399 | Sewer    | Noticed Purgy
  3406 | Sewer    | Killed Purgy
  3706 | D:4      | Reached skill level 9 in Maces & Flails
  4028 | D:4      | Reached XP level 7. HP: 56/57 MP: 6/6
  4035 | D:4      | Found an iron altar of Okawaru.
  4041 | D:4      | Found a blossoming altar of Fedhas.
  4042 | D:4      | Found a shadowy altar of Dithmenos.
  4042 | D:4      | Found a burning altar of Makhleb.
  4042 | D:4      | Found an ancient bone altar of Kikubaaqudgha.
  4042 | D:4      | Found a shimmering altar of Xom.
  4043 | D:4      | Found a sacrificial altar of Ru.
  4044 | D:4      | Found a bloodstained altar of Trog.
  4046 | D:4      | Found a shimmering blue altar of Sif Muna.
  4281 | D:5      | Entered Level 5 of the Dungeon
  4281 | D:5      | Noticed Eustachio
  4300 | D:5      | Killed Eustachio
  4301 | D:5      | Reached skill level 10 in Maces & Flails
  4361 | D:5      | Gained mutation: You are partially covered in iridescent
                  | scales. (AC +2) [potion of mutation]
  4361 | D:5      | Gained mutation: You are mostly covered in iridescent
                  | scales. (AC +4) [potion of mutation]
  4464 | D:5      | Reached skill level 11 in Maces & Flails
  4519 | D:5      | Reached XP level 8. HP: 59/64 MP: 7/7
  4999 | D:5      | Noticed Grinder
  5015 | D:5      | Killed Grinder
  5016 | D:5      | Reached skill level 12 in Maces & Flails
  5665 | D:6      | Found a staircase to the Ecumenical Temple.
  5724 | D:6      | Reached skill level 5 in Fighting
  5793 | D:6      | Reached skill level 5 in Shields
  5853 | D:6      | Noticed a two-headed ogre
  5873 | D:6      | Killed a two-headed ogre
  5874 | D:6      | Reached skill level 5 in Armour
  5874 | D:6      | Reached skill level 1 in Evocations
  5874 | D:6      | Reached XP level 9. HP: 66/75 MP: 8/8
  5928 | D:6      | You fall into a shaft and drop 2 floors!
  6001 | D:8      | Noticed Grum
  6067 | D:8      | Identified the +1 falchion of Shame {spect, Str+8 Dex+2}
  6090 | D:8      | Killed Grum
  7197 | D:7      | Reached XP level 10. HP: 83/86 MP: 9/9
  7231 | D:7      | Reached **** piety under Trog
  7349 | D:7      | Noticed a deep elf pyromancer
  7353 | D:7      | Killed a deep elf pyromancer
  7924 | D:8      | Found a staircase to the Lair.
  8250 | D:8      | Found Bacenut's Antique Armour Boutique.
  8258 | D:8      | Bought a pair of runed gloves for 210 gold pieces
  8391 | D:9      | Noticed a brown ugly thing
  8403 | D:9      | Killed a brown ugly thing
  8404 | D:9      | Reached XP level 11. HP: 99/99 MP: 10/10
  8430 | D:9      | Reached skill level 10 in Fighting
  8492 | D:9      | Noticed a deep elf zephyrmancer
  8498 | D:9      | Killed a deep elf zephyrmancer
  8499 | D:9      | Reached skill level 5 in Evocations
  8648 | D:9      | Found a staircase to the Orcish Mines.
  9270 | D:9      | Reached ***** piety under Trog
  9271 | D:9      | Reached skill level 10 in Shields
  9367 | D:10     | Entered Level 10 of the Dungeon
  9914 | D:10     | Identified the +6 war axe of Awkwardness {freeze, *Rage
                  | +Rage rPois Dex+8}
 10536 | D:11     | Reached skill level 1 in Axes
 10690 | D:11     | Noticed a white ugly thing
 10694 | D:11     | Killed a white ugly thing
 10738 | D:11     | Noticed an eight-headed hydra
 10741 | D:11     | Killed a ten-headed hydra
 10783 | D:11     | You fall into a shaft and drop 3 floors!
 10799 | D:14     | Reached skill level 5 in Axes
 10808 | D:13     | Noticed a death knight
 10808 | D:13     | Noticed a skeletal warrior
 10812 | D:13     | Killed a death knight
 10814 | D:13     | Killed a skeletal warrior
 10909 | D:13     | Noticed a boulder beetle
 10927 | D:13     | Killed a boulder beetle
 10927 | D:13     | Noticed Sonja
 10948 | D:13     | HP: 3/102 [something (5)]
 10948 | D:13     | Slain by Sonja

Illustrated notes

Levels and vault maps discovered:
D:1:      tarquinn_simple_flora_water_d, layout_rooms,
          chequers_serial_rivers_micro_a
D:2:      layout_basic, dreamdust_ecumenical_altar_grove
D:3:      minmay_angry_zag, layout_loops_cross, kennysheep_decorative_pillar,
          roderic_st_hans_cross, kennysheep_crisscross
D:4:      layout_loops_ring, minitemple, portal_sewer_entry_e
D:5:      layout_cave_pods, lightli_minifort, uniq_grinder, uniq_eustachio
D:6:      layout_rooms, minmay_temple_entry_trees
D:7:      minmay_the_grid_square_5x5_3x3 [minmay_the_grid_square_5x5_plus,
          minmay_the_grid_square_5x5_inner_z,
          minmay_the_grid_square_5x5_hollow_slash,
          minmay_the_grid_square_5x5_six_small,
          minmay_the_grid_square_5x5_megaprize_crossed,
          minmay_the_grid_square_5x5_intrusive_squares,
          minmay_the_grid_square_5x5_eight_small,
          minmay_the_grid_square_5x5_comb, minmay_the_grid_square_5x5_shrine1],
          layout_basic
D:8:      layout_loops_cross, minmay_lair_entry_grove, serial_shops, shop,
          uniq_grum
D:9:      layout_big_octagon, david_orc_5, st_stairs_1,
          guppyfry_early_elven_hall
D:10:     layout_basic
D:11:     layout_basic, elyvilon_altar_3, uniq_erolcha, uniq_psyche
D:13:     layout_roguey, david_defended_altar_orc, uniq_sonja
D:14:     layout_loops_corners, ximxim_vaults_locker_room,
          grunt_dithmenos_smoke_and_mirrors

Skill      XL: |  1  2  3  4  5  6  7  8  9 10 11 |
---------------+----------------------------------+-----
Maces & Flails | 4 5 6 8 9 11 12 | 12.0
Fighting       | 5 7 9 11 | 11.0
Armour         | 5 6 8 |  8.8
Shields        | 6 8 9 10 | 10.0
Evocations     | 1 3 4 5 |  5.5
Axes           | 8 |  8.1
Dodging        | |  2.1

Action                   |  1- 3 |  4- 6 |  7- 9 | 10-12 || total
-------------------------+-------+-------+-------+-------++-------
Melee: Mace              |    65 |       |       |       ||    65
       Headbutt          |     9 |    25 |    64 |   122 ||   220
       Whip              |    13 |   124 |   290 |   350 ||   777
       War axe           |       |       |       |    34 ||    34
Invok: Trog's Hand       |       |     2 |     5 |     9 ||    16
       Berserk           |       |     2 |     2 |     4 ||     8
       Brothers in Arms  |       |       |       |     3 ||     3
Evoke: Wand              |       |       |       |     4 ||     4
       Tin of tremorston |       |       |       |     2 ||     2
  Use: Scroll            |       |       |    13 |     5 ||    18
       Potion            |       |       |     1 |       ||     1
Armor: Animal skin       |    12 |       |       |       ||    12
       Scale mail        |     8 |    43 |    36 |       ||    87
       Ring mail         |       |       |    71 |    27 ||    98
       Chain mail        |       |       |       |   162 ||   162
Dodge: Dodged            |    50 |    58 |    69 |   116 ||   293
Block: Kite shield       |       |       |   103 |   236 ||   339
